Map: Arctic Gates

Players

JaySlays - Winner!

  • Race: Protoss Protoss
  • Spawn Location: 0:00

Wolf - Winner!

  • Race: Zerg Zerg
  • League: Diamond
  • Spawn Location: 9:00

Aredgar

  • Race: Zerg Zerg
  • League: Platinum
  • Spawn Location: 3:00

JaTheXtReMe

  • Race: Terran Terran
  • League: Diamond
  • Spawn Location: 0:00

VOD

Have the link to the VOD?

Description

Time

  • Played on: April 22, 2018, 1:55 a.m.
  • Length: 10:53
Show
View Real Time Build Order
Export as new Build Order

JaySlays Protoss - Winner!

Build Orders: Dark Templar Rush 

Get SALT Encoding   

  12  0:01  Probe  
  13  0:13  Probe  
  14  0:18  Pylon  
  14  0:25  Probe  
  15  0:37  Probe  
  16  0:45  Probe, Gateway  
  17  0:52  Assimilator  
  17  0:53  Probe  
  17  1:03  Probe  
  19  1:15  Probe  
  20  1:27  Assimilator  
  20  1:28  Probe  
  21  1:38  Cybernetics Core  
  21  1:40  Probe  
  21  1:44  Assimilator  
  22  1:49  Pylon  
  22  1:52  Probe  
  23  2:04  Warp Gate  
  23  2:07  Probe  
  24  2:14  Gateway  
  24  2:17  Robotics Facility  
  24  2:41  Adept  
  24  2:44  Gateway  
  24  2:46  Probe  
  24  2:47  Twilight Council  
  27  2:58  Pylon  
  27  3:04  Warp Prism  
  29  3:23  Adept  
  31  3:31  Dark Shrine  
  31  3:34  Probe  
  32  3:51  Gateway  
  32  4:11  Nexus  
  32  4:14  Pylon  
  32  4:17  Observer  
  33  4:30  Pylon  
  33  4:47  Dark Templar x3  
  39  5:12  Zealot  
  37  5:26  Probe  
  37  5:27  Probe  
  35  5:34  Probe  
  35  5:35  Probe  
  33  5:39  Dark Templar  
  33  5:40  Dark Templar  
  37  5:44  Probe  
  38  5:54  Probe  
  38  5:56  Probe  
  36  6:06  Probe, Dark Templar  
  36  6:08  Probe  
  36  6:10  Zealot  
  42  6:12  Zealot  
  42  6:13  Zealot  
  42  6:14  Pylon  
  44  6:32  Probe x2  
  46  6:34  Assimilator  
  46  6:38  Assimilator  
  46  6:43  Gateway  
  46  6:44  Probe x2, Gateway  
  48  6:47  Gateway  
  46  6:56  Probe  
  47  7:04  Probe, Immortal  
  47  7:07  Zealot x4  
  47  7:08  Probe  
  57  7:13  Templar Archives  
  61  7:37  Zealot x3  
  61  7:38  Zealot  
  61  7:43  Charge  
  69  7:50  Immortal  
  73  7:57  Probe  
  73  7:58  Probe, Nexus  
  75  8:02  High Templar  
  77  8:08  Pylon  
  77  8:09  Pylon  
  77  8:26  Pylon  
  77  8:28  Zealot x3  
  77  8:29  Zealot x3  
  89  8:42  High Templar  
  89  8:55  High Templar  
  89  8:56  High Templar x4  
  89  8:59  Archon  
  89  9:00  Archon  
  89  9:01  Archon  
  69  9:26  Zealot x2  
  61  9:41  Probe x3  
  64  9:49  Probe x3  
  64  9:53  Zealot x5  
  64  9:54  Zealot x2  
  64  9:57  Probe x2  
  83  10:13  High Templar x5  
  93  10:14  High Templar  
  93  10:16  Pylon  
  93  10:17  Archon x2  
  93  10:18  Pylon, Archon  
  95  10:21  Zealot  
  97  10:34  Assimilator  
  97  10:38  Assimilator  
Show
View Real Time Build Order
Export as new Build Order

Wolf Zerg - Winner!

Build Orders: Hatch First 

Get SALT Encoding   

  12  0:01  Drone  
  13  0:12  Overlord  
  13  0:18  Drone  
  14  0:31  Drone x2  
  16  0:37  Drone  
  17  0:46  Drone  
  18  0:58  Hatchery  
  18  1:01  Drone  
  18  1:05  Extractor  
  17  1:16  Spawning Pool  
  16  1:18  Drone  
  16  1:22  Drone  
  18  1:37  Drone  
  19  1:41  Overlord  
  19  1:53  Drone  
  20  2:11  Queen x2  
  20  2:12  Zergling x6  
  27  2:21  Zergling x2  
  28  2:24  Drone  
  28  2:28  Metabolic Boost  
  29  2:32  Zergling x2  
  30  2:46  Drone x3  
  33  3:01  Baneling Nest  
  32  3:07  Hatchery  
  32  3:12  Queen  
  31  3:14  Drone  
  31  3:16  Drone  
  31  3:18  Drone  
  36  3:25  Overlord  
  36  3:35  Overlord x2  
  36  3:43  Lair  
  36  3:50  Evolution Chamber  
  36  3:52  Evolution Chamber  
  34  3:59  Drone x3  
  37  4:03  Baneling x2  
  37  4:04  Baneling x2  
  37  4:07  Drone  
  37  4:09  Drone  
  39  4:23  Zerg Melee Weapons Level 1  
  39  4:26  Extractor, Drone x2  
  39  4:27  Drone x2  
  39  4:29  Drone  
  43  4:37  Drone x2  
  43  4:38  Drone x2  
  47  4:40  Drone  
  48  4:47  Drone x3  
  48  4:49  Drone  
  48  4:51  Drone  
  53  4:56  Zerg Missile Weapons Level 1  
  53  5:01  Drone  
  53  5:02  Drone x3  
  57  5:13  Hydralisk Den  
  56  5:22  Extractor  
  56  5:23  Extractor, Drone  
  56  5:24  Drone x10  
  61  5:54  Drone x4  
  65  5:57  Extractor, Overlord x4  
  65  5:59  Extractor  
  65  6:03  Centrifical Hooks  
  63  6:12  Hydralisk, Muscular Augments  
  65  6:18  Spore Crawler  
  65  6:19  Spore Crawler  
  65  6:20  Spore Crawler  
  62  6:27  Hydralisk  
  62  6:28  Hydralisk x4  
  62  6:29  Zergling x2  
  62  6:30  Zergling x10  
  78  6:37  Baneling x3  
  78  6:43  Overlord x3  
  78  6:45  Hydralisk  
  78  6:46  Hydralisk x3  
  86  6:55  Zerg Missile Weapons Level 2  
  86  7:04  Zerg Melee Weapons Level 2  
  86  7:06  Zergling x2  
  86  7:07  Zergling x12  
  93  7:24  Hydralisk  
  93  7:25  Hydralisk x6  
  107  7:32  Grooved Spines  
  107  7:36  Drone x3  
  110  7:41  Drone x2  
  112  7:46  Baneling x4  
  112  7:47  Baneling x2  
  112  7:51  Baneling  
  112  7:54  Baneling x2  
  112  8:04  Overlord x3  
  106  8:27  Hydralisk x3, Zergling x2  
  106  8:28  Zergling x8  
  106  8:29  Zergling x12  
  106  8:32  Baneling x10  
  106  8:33  Baneling x7  
  123  8:36  Zergling x10  
  122  9:02  Hydralisk x7  
  131  9:18  Overlord x4  
  122  10:07  Hydralisk x3  
  122  10:08  Hydralisk x12  
  129  10:34  Hatchery  
  107  10:39  Extractor  
  107  10:40  Extractor  
  107  10:42  Hatchery  
  102  10:45  Extractor  
  102  10:48  Extractor  
Show
View Real Time Build Order
Export as new Build Order

Aredgar Zerg 

Build Orders: Hatch First 

Get SALT Encoding   

  12  0:02  Drone  
  13  0:08  Drone  
  14  0:37  Hatchery  
  14  0:39  Drone  
  14  0:56  Spawning Pool  
  13  1:00  Drone  
  14  1:06  Extractor  
  14  1:09  Extractor  
  14  1:11  Drone  
  13  1:13  Drone  
  15  1:20  Overlord  
  15  1:46  Zergling x6  
  18  1:51  Zergling x2  
  18  1:53  Queen  
  21  2:02  Zergling x2  
  22  2:13  Metabolic Boost  
  22  2:18  Drone  
  22  2:21  Zergling x2  
  24  2:25  Zergling x4  
  24  2:26  Zergling x2  
  27  2:46  Drone  
  27  2:48  Overlord  
  28  2:59  Overlord  
  28  3:16  Queen  
  30  3:23  Zergling x6  
  33  3:36  Zergling x2  
  33  3:37  Zergling x4  
  33  3:38  Drone x2  
  33  3:40  Drone x2  
  40  3:48  Drone x2  
  42  3:57  Drone  
  43  4:08  Drone  
  44  4:10  Overlord x2  
  44  4:15  Extractor  
  43  4:40  Drone  
  44  4:54  Lair  
  44  5:11  Spore Crawler  
  44  5:14  Spore Crawler  
  42  5:17  Spore Crawler  
  41  5:24  Zergling x6  
  41  5:25  Zergling x6  
  47  5:47  Zergling x6  
  47  5:48  Zergling x10  
  53  6:01  Overlord  
  53  6:17  Hydralisk Den  
  52  6:29  Overlord  
  52  6:35  Overseer  
  52  6:51  Spire  
  51  7:14  Hydralisk x6  
  63  7:18  Hydralisk x5  
  45  8:30  Mutalisk  
  45  8:31  Mutalisk x5  
  57  8:42  Zergling x4  
  57  8:43  Zergling x8  
  56  9:31  Mutalisk  
  56  9:32  Mutalisk x2  
Show
View Real Time Build Order
Export as new Build Order

JaTheXtReMe Terran 

Build Orders:  

Get SALT Encoding   

  12  0:02  SCV  
  13  0:18  SCV  
  13  0:20  Supply Depot  
  14  0:30  SCV  
  15  0:43  Barracks  
  15  0:46  SCV, Refinery  
  16  0:59  SCV  
  16  1:01  Supply Depot  
  17  1:11  SCV  
  18  1:23  SCV  
  19  1:32  Marine  
  20  1:35  SCV  
  21  1:42  Barracks  
  21  1:48  SCV  
  21  1:50  Marine  
  23  2:01  Orbital Command  
  23  2:08  Marine  
  24  2:24  Factory  
  24  2:29  Marine  
  25  2:31  Factory  
  25  2:35  Refinery  
  25  2:37  SCV  
  26  2:47  Marine  
  26  2:49  SCV  
  28  3:01  SCV  
  28  3:03  Command Center  
  29  3:13  SCV  
  29  3:17  Supply Depot  
  30  3:21  Factory Reactor  
  30  3:22  Factory Reactor  
  30  3:25  SCV  
  31  3:38  Marine  
  31  3:39  Supply Depot  
  32  3:56  Marine  
  32  3:58  Cyclone x2  
  32  4:01  Cyclone  
  42  4:05  Supply Depot, Refinery  
  42  4:09  Refinery  
  42  4:15  Orbital Command  
  42  4:21  SCV  
  43  4:28  Supply Depot  
  43  4:33  SCV  
  44  4:40  Engineering Bay  
  44  4:44  SCV  
  44  4:45  SCV  
  46  4:53  Supply Depot  
  46  4:54  Cyclone  
  46  4:56  SCV, Cyclone  
  40  5:48  Orbital Command  
  27  6:17  SCV  
  28  6:29  SCV  
  28  6:32  SCV  
  30  6:33  Missile Turret  
  30  6:36  Missile Turret  
  30  6:41  SCV  
  30  6:44  SCV  
  32  6:53  SCV  
  32  6:56  SCV  
  33  7:06  SCV  
  33  7:08  SCV  
  35  7:18  SCV  
  35  7:20  SCV  
  37  7:30  SCV  
  37  7:32  SCV  
  39  7:43  SCV  
  40  7:44  SCV  
  40  7:49  Cyclone x2  
  47  7:55  SCV  
  47  7:56  SCV  
  49  8:07  SCV  
  49  8:09  SCV  
  51  8:14  Cyclone x2  
  51  8:19  SCV  
  58  8:21  Cyclone  
  61  8:31  Cyclone  
  61  8:33  SCV  
  58  8:46  SCV, Cyclone  
  31  9:21  Cyclone x2  
  18  10:10  Orbital Command  
Tags
 
Add a new tag
Caveats
  • Supply blocks, unpowered buildings, or Contaminate may cause inaccurate times.
  • Supply counts are checked every 10 seconds.